 Dungeon Crawl Stone Soup version 0.19-a0-1019-g9c6a58d (webtiles) character file.

739 tsouns the Covert (level 7, -1/35 HPs)
             Began as a Spriggan Assassin on July 25, 2016.
             Slain by a gnoll
             ... wielding a +0 whip
              (13 damage)
             ... on level 6 of the Dungeon.
             The game lasted 00:13:13 (4961 turns).

tsouns the Covert (Spriggan Assassin)               Turns: 4961, Time: 00:13:14

Health: -1/35      AC:  4    Str:  7    XL:     7   Next: 46%
Magic:  8/8        EV: 18    Int: 19    God:
Gold:   57         SH:  0    Dex: 19    Spells: 0 memorised, 6 levels left

rFire  . . .     SeeInvis +     a - +3 dagger
rCold  . . .     Gourm    .     c - +0 robe
rNeg   . . .     Faith    .     (shield restricted)
rPois  +         Spirit   .     (helmet restricted)
rElec  .         Dismiss  .     D - +1 cloak
rCorr  .         Reflect  .     (gloves unavailable)
SustAt .         Harm     .     (boots unavailable)
MR     +....                    (no amulet)
Stlth  +++++.....               i - +6 ring of intelligence
                                J - ring of poison resistance

@: very quick, somewhat resistant to hostile enchantments, quite stealthy
A: unfitting armour, see invisible, herbivore 3, speed 3, slow metabolism 2
a: no special abilities


You were on level 6 of the Dungeon.
You were not hungry.

You visited 1 branch of the dungeon, and saw 6 of its levels.

You collected 277 gold pieces.
You spent 220 gold pieces at shops.

Inventory:

Hand Weapons
 a - a +3 dagger (weapon)
 b - a +0 blowgun
Missiles
 e - 29 poisoned needles
 u - 2 tomahawks (quivered)
Armour
 c - a +0 robe (worn)
 D - a +1 cloak (worn)
Rods
 K - a +0 rod of ignition (9/9)
   (You found it on level 5 of the Dungeon)
Jewellery
 i - a +6 ring of intelligence (right hand)
 J - a ring of poison resistance (left hand)
Wands
 w - a wand of paralysis (11/24)
 y - a wand of flame (10/48)
 A - a wand of polymorph (21/24)
Scrolls
 o - a scroll of random uselessness
 z - a scroll of noise
Potions
 h - a potion of haste
 k - a potion of flight
 l - 4 potions of curing
 m - a potion of agility {unknown}
 p - a potion of ambrosia {unknown}
 x - a potion of magic {unknown}
 E - a potion of brilliance {unknown}
 H - 3 potions of heal wounds {unknown}
Books
 v - a book of Fire

   Spells                             Type                      Level
   a - Ignite Poison                  Fire/Transmutation/Poison    3
   b - Fireball                       Conjuration/Fire             5
   c - Bolt of Fire                   Conjuration/Fire             6
   d - Delayed Fireball               Conjuration/Fire             7
   e - Ring of Flames                 Charms/Fire                  7
Comestibles
 g - 4 bread rations
 r - 5 fruits


   Skills:
 + Level 2.9 Fighting
 + Level 6.2 Short Blades
 - Level 2.0 Throwing
 + Level 2.2 Dodging
 - Level 10.1 Stealth


You had 6 spell levels left.
You didn't know any spells.

Dungeon Overview and Level Annotations

Branches:
Dungeon (6/15)
 Temple: D:4-7

Altars:
Dithmenos
Fedhas
Yredelemnul
The Shining One

Shops:
D:5 =

Annotations:
D:5 ololoev's ghost, amateur HOFi


Innate Abilities, Weirdness & Mutations

You are tiny and cannot use many weapons and most armour.
You have supernaturally acute eyesight. (SInv)
You are a herbivore.
You cover ground extremely quickly.
You need consume almost no food.


Message History

The gnoll hits you with an enchanted whip.
You hit the gnoll.
The gnoll is moderately wounded.
You hit the gnoll.
The gnoll is moderately wounded.
The gnoll closely misses you.
You hit the gnoll.
The gnoll is heavily wounded.
The gnoll hits you but does no damage.
You barely miss the gnoll.
The gnoll is heavily wounded.
The gnoll barely misses you.
You hit the gnoll.
The gnoll is almost dead.
You hit the gnoll.
You kill the gnoll!
You hit the gnoll.
The gnoll is moderately wounded.
The gnoll hits you with a whip!
You die...

....g##.#.........####........
........h.........+........###
....h.g.#g........####...#.#
.#...#####.......## ###.##.#
>..# ##(....## ##.####.# .#
##...## #.#.....# ##'##
##.###### #g# #.# #@# #.#
##.## #.# ##...## #.# #.....##
#.# ##.....# #.# ##....####.#
##........# ......#######
#######


You could see a gnoll.

Vanquished Creatures
  3 ogres
  2 howler monkeys (D:6)
  2 crimson imps
  2 hounds (D:6)
  A giant frog zombie (D:5)
  2 iguanas
  2 worker ants (D:5)
  5 adders
  3 gnolls (D:6)
  3 worms
  A giant gecko (D:5)
  6 orcs
  4 giant cockroaches
  4 goblins
  5 hobgoblins
  3 quokkas
  A ball python (D:4)
  2 bats
  A giant gecko skeleton (D:4)
  5 giant newts
  A jackal skeleton (D:5)
  A jackal zombie (D:5)
  10 kobolds
  3 rats (D:2)
72 creatures vanquished.

Vanquished Creatures (others)
  A plant (D:5)
1 creature vanquished.

Grand Total: 73 creatures vanquished

Notes
Turn   | Place    | Note
-------+----------+-------------------------------------------
     0 | D:1      | tsouns the Spriggan Assassin began the quest for the Orb.
     0 | D:1      | Reached XP level 1. HP: 10/10 MP: 2/2
   180 | D:1      | Reached skill level 6 in Stealth
   553 | D:2      | Reached XP level 2. HP: 14/14 MP: 3/3
   627 | D:2      | Found a blossoming altar of Fedhas.
  1162 | D:2      | Reached XP level 3. HP: 15/18 MP: 4/4
  1248 | D:2      | Reached skill level 7 in Stealth
  1805 | D:3      | Reached XP level 4. HP: 15/22 MP: 5/5
  2204 | D:4      | Noticed an ogre
  2207 | D:4      | Killed an ogre
  2207 | D:4      | Reached skill level 8 in Stealth
  2207 | D:4      | Reached XP level 5. HP: 25/25 MP: 6/6
  2476 | D:4      | Found a glowing golden altar of the Shining One.
  3070 | D:4      | Noticed an ogre
  3084 | D:4      | Killed an ogre
  3084 | D:4      | Reached skill level 5 in Short Blades
  3084 | D:4      | Reached skill level 9 in Stealth
  3084 | D:4      | Reached XP level 6. HP: 30/30 MP: 7/7
  3143 | D:5      | Entered Level 5 of the Dungeon
  3281 | D:5      | Found Viog's Jewellery Shop.
  3633 | D:5      | Bought an uncursed ring of poison resistance for 220 gold pieces
  4146 | D:5      | Identified a +0 rod of ignition (9/9) (You found it on level 5 of the Dungeon)
  4176 | D:5      | Found a basalt altar of Yredelemnul.
  4177 | D:5      | Found a shadowy altar of Dithmenos.
  4265 | D:5      | Noticed ololoev's ghost (amateur HOFi)
  4361 | D:5      | Reached XP level 7. HP: 35/35 MP: 8/8
  4781 | D:6      | Reached skill level 10 in Stealth
  4961 | D:6      | Slain by a gnoll

Vault maps used:
D:1:      dpeg_arrival_chambers_temple_mockup
D:2:      minmay_kobold_bridge, fedhas_altar_fruit_tree
D:3:      first_bread
D:4:      lemuel_tele_altar
D:5:      gammafunk_temple_overflow_wave, serial_shops, shop
D:6:      gup_sewer_entry_pipe, basic_altar, nemelex_spade_bored_becter

Skill      XL: |  1  2  3  4  5  6  7 |
---------------+----------------------+-----
Stealth        | 6 7 8 9 10 | 10.1
Short Blades   | 3 4 5 6 |  6.2
Fighting       | 2 |  2.9
Dodging        | 2 |  2.2
Throwing       | |  2.0

Action                   |  1- 3 |  4- 6 |  7- 9 || total
-------------------------+-------+-------+-------++-------
Melee: Dagger            |   138 |   157 |   119 ||   414
 Fire: Blowgun           |    24 |    13 |    41 ||    78
Throw: Tomahawk          |     1 |       |     2 ||     3
Evoke: Wand              |       |       |     1 ||     1
  Use: Scroll            |       |    13 |       ||    13
 Stab: Sleeping          |    14 |     6 |     5 ||    25
       Distracted        |       |     1 |       ||     1
       Paralysed         |       |       |     1 ||     1
  Eat: Royal jelly       |       |     1 |       ||     1
Armor: Robe              |     8 |    12 |    25 ||    45
Dodge: Dodged            |    74 |    79 |    54 ||   207
